 Dungeon Crawl Stone Soup version 0.20-a0-967-g62cfa5d (webtiles) character file.

378 krabocopter the Conjurer (level 6, -2/48 HPs)
             Began as a Bultungin Wanderer on Apr 7, 2017.
             Was an Initiate of Sif Muna.
             Slain by a centaur (5 damage)
             ... on level 6 of the Dungeon.
             The game lasted 00:19:42 (5796 turns).

krabocopter the Conjurer (Bultungin Wanderer)       Turns: 5796, Time: 00:19:43

Health: -2/48      AC:  2    Str: 10    XL:     6   Next: 74%
Magic:  7/13       EV: 11    Int: 15    God:    Sif Muna [......]
Gold:   62         SH:  0    Dex: 14    Spells: 10/14 levels left

rFire    . . .     SeeInvis +   u - +3 club
rCold    . . .     Gourm    .   (no shield)
rNeg     . . .     Faith    .   c - +0 robe
rPois    .         Spirit   .   j - +0 hat
rElec    .         Reflect  .   (no cloak)
rCorr    .         Harm     .   (no gloves)
MR       .....                  (no boots)
Stlth    +++.......             (no amulet)
Regen    0.2/turn               w - ring of stealth
MPRegen  0.2/turn               (no ring)

@: no status effects
A: short attention span, fangs 1, see invisible, strong nose
a: Renounce Religion


You were on level 6 of the Dungeon.
You worshipped Sif Muna.
Sif Muna was noncommittal.
You were hungry.

You visited 1 branch of the dungeon, and saw 6 of its levels.

You collected 289 gold pieces.
You spent 227 gold pieces at shops.

Inventory:

Hand Weapons
 d - a +0 dagger
 u - a +3 club (weapon)
Armour
 c - a +0 robe (worn)
 i - a +0 buckler
 j - a +0 hat (worn)
Jewellery
 w - a ring of stealth (left hand)
Wands
 q - a wand of acid (7/15)
 t - a wand of random effects (13/48)
Scrolls
 b - 2 scrolls of teleportation
 e - 4 scrolls of identify
 g - a scroll of enchant weapon
 h - 2 scrolls of recharging
 k - a scroll of remove curse
 m - a scroll of blinking {unknown}
 p - a scroll of amnesia {unknown}
 r - a scroll of magic mapping {unknown}
Potions
 n - a potion of lignification
 o - 2 potions of magic
 s - a potion of haste {unknown}
 v - 2 potions of invisibility
Books
 a - a book of Minor Magic

   Spells                             Type                      Level
   a - Magic Dart                     Conjuration                  1
   b - Blink                          Translocation                2
   c - Call Imp                       Summoning                    2
   d - Slow                           Hexes                        2
   e - Conjure Flame                  Conjuration/Fire             3
   f - Mephitic Cloud                 Conjuration/Poison/Air       3
Comestibles
 f - 4 bread rations
 l - 3 royal jellies


   Skills:
 + Level 3.9 Fighting
 - Level 1.5 Throwing
 - Level 2.0 Stealth
 - Level 4.8 Spellcasting
 - Level 7.1 Conjurations
   Level 1.5 Hexes
   Level 1.5 Charms
   Level 3.0 Necromancy
 * Level 3.4 Fire Magic
   Level 1.5 Air Magic
 - Level 1.5 Evocations


You had 10 spell levels left.
You knew the following spells:

 Your Spells              Type           Power        Failure   Level  Hunger
a - Magic Dart            Conj           ####         1%          1    None
b - Conjure Flame         Conj/Fire      ###.....     10%         3    ###....


Dungeon Overview and Level Annotations

Branches:
Dungeon (6/15)
 Temple: D:4-7

Altars:
Okawaru
Qazlal
Sif Muna
Zin

Shops:
D:5 =%

Annotations:
D:4 Edmund
D:5 Sigmund


Innate Abilities, Weirdness & Mutations

You have a short attention span.
You have very sharp teeth.
You have supernaturally acute eyesight. (SInv)
Your uncanny sense of smell can sniff out nearby items.


Message History

The centaur misses you. The centaur barely misses you.
There is a stone staircase leading down here.
The centaur hits you.
You climb downwards.
Found a blue potion and a scroll of remove curse.
There is a stone staircase leading up here.
You take 5 damage, and have 22/48 hp.
Aim: a centaur (heavily wounded)
The magic dart hits the centaur.
The centaur hits you. The centaur barely misses you.
You take 4 damage, and have 18/48 hp.
You now have 9/13 mp.
Aim: a centaur (heavily wounded)
The magic dart hits the centaur.
The centaur hits you.
* * * LOW HITPOINT WARNING * * *
You take 6 damage, and have 12/48 hp.
You now have 8/13 mp.
Aim: a centaur (heavily wounded)
The magic dart hits the centaur.
The centaur hits you!
* * * LOW HITPOINT WARNING * * *
The centaur hits you.
You die...

####∆
..#
##!#
#c@#
#..#
#..#
#..#
#..#
#..#
#.?#
####


You could see a centaur.

Vanquished Creatures
  An ogre (D:4)
  A bullfrog skeleton (D:4)
  Jessica (D:3)
  Ijyb (D:3)
  4 worker ants
  Robin (D:4)
  2 adders (D:5)
  An ooze (D:4)
  A dart slug (D:1)
  A leopard gecko (D:5)
  8 orcs
  A ball python (D:1)
  5 bats
  9 giant cockroaches
  9 goblins
  8 hobgoblins
  8 jackals
  2 quokkas
  4 frilled lizards
  3 kobolds
  5 rats
76 creatures vanquished.

Notes
Turn   | Place    | Note
-------+----------+-------------------------------------------
     0 | D:1      | krabocopter the Bultungin Wanderer began the quest for the Orb.
     0 | D:1      | krabocopter set off with: a book of Minor Magic, a scroll of teleportation, a +0 robe, a +0 dagger, a bread ration
     0 | D:1      | Reached XP level 1. HP: 13/13 MP: 6/6
     2 | D:1      | Learned a level 1 spell: Magic Dart
   247 | D:1      | Reached skill level 1 in Conjurations
   437 | D:1      | Reached skill level 1 in Stealth
   448 | D:1      | Reached XP level 2. HP: 20/20 MP: 2/7
   626 | D:1      | Reached skill level 1 in Fighting
   979 | D:1      | Reached skill level 2 in Conjurations
  1406 | D:2      | Found a glowing silver altar of Zin.
  1445 | D:2      | Reached XP level 3. HP: 27/27 MP: 1/9
  1702 | D:2      | Found a deep blue altar of Sif Muna.
  1735 | D:2      | Became a worshipper of Sif Muna the Loreminder
  2871 | D:3      | Found an iron altar of Okawaru.
  3102 | D:3      | Found a faded altar of an unknown god.
  3407 | D:3      | Noticed Jessica
  3411 | D:3      | Killed Jessica
  3411 | D:3      | Reached skill level 4 in Conjurations
  3411 | D:3      | Reached XP level 4. HP: 34/34 MP: 5/10
  3523 | D:3      | Found a stormy altar of Qazlal.
  3658 | D:4      | Found a glowing drain.
  3658 | D:4      | Noticed Ijyb
  3673 | D:3      | Killed Ijyb
  3736 | D:3      | Reached skill level 5 in Conjurations
  3890 | D:4      | Reached XP level 5. HP: 30/39 MP: 12/12
  4201 | D:4      | Reached skill level 6 in Conjurations
  4347 | D:4      | Learned a level 3 spell: Conjure Flame
  4432 | D:4      | Reached skill level 1 in Fire Magic
  4432 | D:4      | Reached XP level 6. HP: 46/46 MP: 0/13
  4784 | D:4      | Reached skill level 7 in Conjurations
  4891 | D:4      | Noticed Edmund
  5021 | D:4      | Noticed Robin
  5162 | D:4      | Killed Robin
  5447 | D:5      | Entered Level 5 of the Dungeon
  5620 | D:5      | Found Sydd's Food Boutique.
  5751 | D:5      | Found Texzi's Jewellery Shoppe.
  5759 | D:5      | Bought an uncursed ring of stealth for 227 gold pieces
  5787 | D:5      | Noticed Sigmund
  5796 | D:6      | Slain by a centaur

Vault maps used:
D:1:      saegor_arrival_simple_d
D:2:      old_standard_altar, first_bread, led_sif_pool
D:3:      marbit_many_paths, chequers_ecumenical_altar_grove,
          grunt_qazlal_sundering, uniq_jessica
D:4:      gup_sewer_entry_glass, nicolae_ossuary_entry_plus,
          kennysheep_flooded_box, uniq_edmund, uniq_iyjb, uniq_robin
D:5:      minmay_temple_entry_butterflies, basic_altar, serial_shops, shop,
          shop, shop, shop, uniq_sigmund
D:6:      serial_shops, nicolae_shop_crystal, uniq_blork_the_orc

Skill      XL: |  1  2  3  4  5  6 |
---------------+-------------------+-----
Conjurations   | 1 2 4 5 6 7 |  7.1
Stealth        | 1 2 |  2.0
Fighting       | 1 2 3 |  3.9
Fire Magic     | 1 3 |  3.4
Throwing       | |  1.5
Spellcasting   | |  4.8
Hexes          | |  1.5
Charms         | |  1.5
Necromancy     | |  3.0
Air Magic      | |  1.5
Evocations     | |  1.5

Action                   |  1- 3 |  4- 6 || total
-------------------------+-------+-------++-------
Melee: Dagger            |    54 |     1 ||    55
       Bite              |     6 |       ||     6
       Club              |       |    18 ||    18
 Cast: Magic Dart        |    91 |   133 ||   224
       Conjure Flame     |       |     3 ||     3
Evoke: Wand              |       |     3 ||     3
  Use: Potion            |     2 |     3 ||     5
       Scroll            |     6 |     1 ||     7
 Stab: Sleeping          |     1 |       ||     1
       Invisible         |     1 |       ||     1
  Eat: Chunk             |     2 |     7 ||     9
       Meat ration       |     1 |       ||     1
Armor: Robe              |    24 |     4 ||    28
       Skin              |       |    25 ||    25
Dodge: Dodged            |    47 |    43 ||    90
